 Dungeon Crawl Stone Soup version 0.31-a0-1009-g454b1f1e0a (webtiles) character file.

Game seed: 16369078107922393629

49 Dirtsage the Changeling (level 3, -8/22 (24) HPs)
             Began as an Octopode Shapeshifter on Nov 15, 2023.
             Mangled by Terence
             ... wielding a +3 flail of draining
              (14 damage)
             ... on level 2 of the Dungeon.
             The game lasted 00:01:29 (846 turns).

Dirtsage the Changeling (Octopode Shapeshifter)      Turns: 846, Time: 00:01:30

HP:   -8/22 (24)    AC:  1    Str: 13    XL:     3   Next: 75%
MP:   3/3           EV: 13    Int: 12    God:
Gold: 53            SH:  0    Dex: 13    Spells: 2/2 levels left

rFire   . .          .
                       - Unarmed
rCold   . . .        (no shield)
rNeg    . . .        (helmet currently unavailable)
rPois   .            (no amulet)
rElec   .            (no ring)
rCorr   .            (no ring)
SInv    .            (no ring)
Will    .....        (no ring)
Stlth   ++           (no ring)
HPRegen 0.23/turn    (no ring)
MPRegen 0.08/turn    (no ring)
                     (no ring)

%: no passive effects
@: beast-form, drained
A: beast (slay +2), almost no armour, amphibious, 8 rings, camouflage 1,
gelatinous body 1, (nimble swimmer 1), tentacles
a: Begin Untransformation


You were on level 2 of the Dungeon.
You were a hulking beast.
You visited 1 branch of the dungeon, and saw 2 of its levels.

You collected 53 gold pieces.

Inventory:

Jewellery
 f - an amulet of faith
Talismans
 b - a beast talisman
 c - a flux talisman
Scrolls
 d - 3 scrolls of teleportation {unknown}
 g - a scroll of fear {unknown}
 i - a scroll of enchant weapon {unknown}
 j - a scroll of enchant armour {unknown}
 k - a scroll of poison {unknown}
Potions
 a - a potion of lignification
 e - 3 potions of curing {unknown}
 h - a potion of might {unknown}


   Skills:
 + Level 1.9 Fighting
 - Level 2.0 Dodging
 + Level 3.4 Unarmed Combat
 * Level 3.7 Shapeshifting


You had 2 spell levels left.
You didn't know any spells.
Your spell library was empty.

Dungeon Overview and Level Annotations

Branches:
Dungeon (2/15)

Altars:

Annotations:
D:2 Terence


Innate Abilities, Weirdness & Mutations

You are a hulking beast.
Your limbs bulge with bestial killing power. (Slay +2)
You cannot wear most types of armour.
You are amphibious.
You can wear up to eight rings at the same time.
Your skin changes colour to match your surroundings (Stealth+).
Your rubbery body absorbs attacks. (AC +1, EV +1)
((You are camouflaged when in or above water. (Stealth+)))
You have tentacles for arms and can constrict up to eight enemies at once.


Message History

You constrict the adder. The adder bites you but does no damage.
You barely miss the adder. Your squeeze misses the adder.
The adder is heavily wounded.
You constrict the adder. The adder closely misses you. The adder bites you.
You take 3 damage, and have 21/24 hp.
You tentacle-slap the adder but do no damage.
Your tentacle-slap misses the adder.
You squeeze the adder, but do no damage.
The adder is severely wounded.
You constrict the adder. The adder misses you.
An adder is nearby!
You tentacle-slap the adder.
You kill the adder!
No target in view!
No target in view!
You see here an adder corpse.
Things that are here:
a +0 leather armour; a +0 rapier
e - 3 bubbling puce potions (gained 1)
You now have 53 gold pieces (gained 11).
k - a scroll labelled KUEGOXT UMIA Health restored: 24 Terence the Incautious comes into view.
He is wielding a +3 flail of draining and wearing a +1 chain mail of poison resistance.
Found a stone staircase leading down.
Terence shouts!
Terence hits you with a +3 flail of draining!
Ouch! That really hurt!
You feel drained.
* * * LOW HITPOINT WARNING * * *
You take 18 damage, and have 6/22 hp.
MASSIVE DAMAGE!!
You barely miss Terence. You grab Terence. You squeeze Terence.
Terence is lightly wounded.
You constrict Terence. Terence closely misses you.
You tentacle-slap Terence.
Terence is moderately wounded.
You constrict Terence, but do no damage.
Terence hits you with a +3 flail of draining!
Ouch! That really hurt!
You die...
Terence says, "Time to find some more victims."

#########
#.@.....# #h#
#.# #####.#
+.....#
####..#######
+..........>.#
#####..####..#
#[.......#...#
#.####...#..##


You could see Terence.

Vanquished Creatures
  2 adders (D:2)
  A dart slug (D:1)
  An orc (D:2)
  An endoplasm (D:2)
  2 giant cockroaches (D:1)
  5 goblins
  3 hobgoblins
  4 bats (D:1)
  A frilled lizard (D:2)
  3 kobolds (D:1)
  5 rats (D:1)
28 creatures vanquished.

Notes
Turn   | Place    | Note
-------+----------+-------------------------------------------
     0 | D:1      | Dirtsage the Octopode Shapeshifter began the quest for the
                  | Orb.
     0 | D:1      | Reached XP level 1. HP: 13/13 MP: 1/1
   163 | D:1      | Reached XP level 2. HP: 18/18 MP: 2/2
   714 | D:2      | Reached XP level 3. HP: 23/23 MP: 3/3
   838 | D:2      | Noticed Terence
   846 | D:2      | Mangled by Terence

Illustrated notes

Levels and vault maps discovered:
D:1:      minmay_arrival_hallway, layout_loops_ring
D:2:      layout_basic, uniq_jessica, uniq_natasha, uniq_terence

Action                     || total
---------------------------++-------
  Melee: Unarmed           ||    51
         Constrict         ||    13
         Tentacles         ||    13
   Stab: Sleeping          ||     4
 Armour: Skin              ||    20
  Dodge: Dodged            ||    30

Table legend: (Time is in decaauts)
 A = Elapsed time spent in this place.
 B = Non-inter-level travel time spent in this place.
 C = Inter-level travel time spent in this place.
 D = Time resting spent in this place.
 E = Time spent auto-exploring this place.
 F = Levels seen in this place.
 G = Mean time per level.
                   A        B        C        D        E       F      G
               +--------+--------+--------+--------+--------+-----+--------+
         Total |    842 |    822 |     20 |      0 |    651 |   2 |  421.0 |
       Dungeon |    842 |    822 |     20 |      0 |    651 |   2 |  421.0 |
               +--------+--------+--------+--------+--------+-----+--------+

Top non-repeatable levels by time:
     D:1: 702 daAuts
     D:2: 139 daAuts
